 Dungeon Crawl Stone Soup version 0.31-a0-229-g1fc7ce93e2 (webtiles) character file.

Game seed: 1157761801973637419

58 7w4c the Chopper (level 3, -6/29 HPs)
             Began as a Demonspawn Berserker on July 6, 2023.
             Was a Follower of Trog.
             Mangled by Sigmund
             ... wielding a +2 scythe of flaming
              (9 damage)
             ... on level 2 of the Dungeon.
             The game lasted 00:02:17 (1033 turns).

7w4c the Chopper (Demonspawn Berserker)             Turns: 1033, Time: 00:02:18

Health: -6/29      AC:  6    Str: 16 (19) XL:     3   Next: 75%
Magic:  3/3        EV: 11    Int:  5 (8)  God:    Trog [*.....]
Gold:   131        SH:  0    Dex: 11 (12) Spells: 2/2 levels left

rFire   . . .        a - +0 hand axe
rCold   . . .        (no shield)
rNeg    . . .        g - +0 ring mail
rPois   .            (no helmet)
rElec   .            (no cloak)
rCorr   .            (no gloves)
SInv    .            (no boots)
Will    .....        (no amulet)
Stlth   +            (no ring)
HPRegen 0.24/turn    (no ring)
MPRegen 0.08/turn

%: no passive effects
@: no status effects
A: sharp scales 1
a: Renounce Religion, Berserk


You were on level 2 of the Dungeon.
You worshipped Trog.
Trog was aware of your devotion.
You visited 1 branch of the dungeon, and saw 2 of its levels.

You collected 131 gold pieces.

Inventory:

Hand Weapons
 a - a +0 hand axe (weapon)
Armour
 g - a +0 ring mail (worn)
Scrolls
 c - a scroll of amnesia {unknown}
 f - a scroll of silence {unknown}
Potions
 d - a potion of brilliance {unknown}
 e - a potion of lignification {unknown}


   Skills:
 + Level 3.5 Fighting
 + Level 3.6 Axes
 + Level 2.0 Armour
 + Level 2.0 Dodging
 + Level 0.5 Stealth


You had 2 spell levels left.
You didn't know any spells.
Your spell library was empty.

Dungeon Overview and Level Annotations

Branches:
Dungeon (2/15)

Altars:

Shops:
D:2 *

Annotations:
D:2 Sigmund


Innate Abilities, Weirdness & Mutations

You are partially covered in razor-sharp scales. (AC +1, Slay +1)


Message History

Found a stone staircase leading down.
Found a viscous yellow potion.
Sigmund the Dreaded comes into view.
He is wielding a +2 scythe of flaming.
Sigmund shouts!
The quokka closely misses you. x2
Found a stone staircase leading up.
The quokka bites you.
Sigmund is suddenly surrounded by pale green light.
You miss the quokka.
The quokka bites you but does no damage.
Sigmund hits you but does no damage.
You hit the quokka. You punch the quokka.
The quokka is almost dead.
The quokka misses you.
The quokka bites you but does no damage.
Sigmund casts a spell.
Sigmund flickers and vanishes!
Deactivating autopickup; reactivate with Ctrl-A.
You hit the quokka.
You kill the quokka!
Trog accepts your kill.
A magic dart appears from out of thin air!
The magic dart hits you.
Found a viscous yellow potion.
You hear some strange, mumbled words.
A magic dart appears from out of thin air!
The magic dart hits you!
You barely miss something. Something hits you but does no damage.
You closely miss something. Something hits you! Something burns you.
* * * LOW HITPOINT WARNING * * *
You miss something. You barely miss something.
Something hits you but does no damage.
You barely miss something. Something hits you.
* * * LOW HITPOINT WARNING * * *
Something burns you.
* * * LOW HITPOINT WARNING * * *
It was a potion of degeneration.
There was something very wrong with that liquid.
You feel weakened.
You feel dopey.
You feel clumsy.
You miss something. Something hits you!
You die...

##.## ... . #.. ...
###.### #.#.# ....
..#.#.### #.#.######....
........ ...........<.
#.#.#.#####.#..#........
............#...........
#.#.#########.#........#
#.#.............@{......
#.......#####..†..#....#
........# #......# #+.
........# #....#.#
.)#####.........>#.# ..#
######.....#!# ..#
##....# # ..# #..!.# ..#


There were no monsters in sight!

Vanquished Creatures
  3 adders (D:2)
  A worm (D:2)
  A dart slug (D:1)
  3 endoplasms
  A giant cockroach (D:1)
  2 goblins
  3 jackals (D:1)
  2 kobolds (D:1)
  3 quokkas
  4 ball pythons (D:1)
  A bat (D:2)
  A rat (D:1)
25 creatures vanquished.

Notes
Turn   | Place    | Note
-------+----------+-------------------------------------------
     0 | D:1      | 7w4c the Demonspawn Berserker began the quest for the Orb.
     0 | D:1      | Reached XP level 1. HP: 18/18 MP: 1/1
   247 | D:1      | Gained mutation: You are partially covered in razor-sharp
                  | scales. (AC +1, Slay +1) [demonic ancestry]
   247 | D:1      | Reached XP level 2. HP: 20/24 MP: 2/2
   705 | D:2      | Reached XP level 3. HP: 29/29 MP: 3/3
   899 | D:2      | Found Oriqad's General Store.
  1020 | D:2      | Noticed Sigmund
  1033 | D:2      | Mangled by Sigmund

Illustrated notes

Levels and vault maps discovered:
D:1:      saegor_arrival_miasma, layout_loops_ring
D:2:      layout_basic, serial_shops, nicolae_shop_statue_plus, shop,
          nicolae_shop_waterfront, nicolae_shop_tiny_real_fake_doors,
          dreamdust_ecumenical_altar_sealed_demon, minmay_pentomino_o4,
          uniq_sigmund

Skill      XL: |  1  2  3 |
---------------+----------+-----
Axes           | 3 |  3.6
Armour         | 2 |  2.0
Dodging        | 2 |  2.0
Fighting       | |  3.5
Stealth        | |  0.5

Action                     || total
---------------------------++-------
  Melee: Hand axe          ||    69
         Punch             ||     3
    Use: Potion            ||     1
   Stab: Sleeping          ||     3
 Armour: Animal skin       ||     4
         Ring mail         ||    10
  Dodge: Dodged            ||    46

Table legend: (Time is in decaauts)
 A = Elapsed time spent in this place.
 B = Non-inter-level travel time spent in this place.
 C = Inter-level travel time spent in this place.
 D = Time resting spent in this place.
 E = Time spent auto-exploring this place.
 F = Levels seen in this place.
 G = Mean time per level.
                   A        B        C        D        E       F      G
               +--------+--------+--------+--------+--------+-----+--------+
         Total |   1043 |   1017 |     26 |      0 |    703 |   2 |  521.5 |
       Dungeon |   1043 |   1017 |     26 |      0 |    703 |   2 |  521.5 |
               +--------+--------+--------+--------+--------+-----+--------+

Top non-repeatable levels by time:
     D:1: 680 daAuts
     D:2: 362 daAuts
